 Dungeon Crawl Stone Soup version 0.22.0-38-g04b72b8 (webtiles) character file.

175143 Lew the Warrior (level 18, 0/151 HPs)
             Began as a Gnoll Fighter on Aug 26, 2018.
             Was a High Priest of Okawaru.
             Succumbed to a naga warrior's splash of poison
             ... on level 4 of the Snake Pit on Aug 27, 2018.
             The game lasted 02:46:37 (33097 turns).

Lew the Warrior (Gnoll Fighter)                    Turns: 33097, Time: 02:46:38

Health: 0/151      AC: 25    Str: 29      XL:     18   Next: 8%
Magic:  33/33      EV: 23    Int: 10 (11) God:    Okawaru [*****.]
Gold:   1151       SH: 17    Dex: 29 (30) Spells: 29/40 levels left

rFire    x . .     SeeInvis .   x - +4 trident (protect)
rCold    . . .     Gourm    .   M - +1 shield {reflect}
rNeg     . . .     Faith    .   F - +0 plate armour "Acuywkig" {*Contam Regen+ Dex+5 Stlth+}
rPois    .         Spirit   .   E - +2 hat {MR+}
rElec    +         Reflect  +   w - +2 cloak
rCorr    .         Harm     .   Z - +0 pair of gloves of Death's Door {MR+ Str+4}
MR       +++..                  Y - +1 pair of boots {Fly}
Stlth    +++.......             U - amulet of regeneration
HPRegen  1.15/turn              D - ring "Oby Diqaz" {rElec rF- Dex+9 Stlth+}
MPRegen  0.23/turn              C - +3 ring of evasion

@: lethally poisoned (0 -> -23), about to teleport, studying 2 skills
A: distributed training, fangs 1, repulsion field 1, deterioration 1, no potion
heal 1, subdued magic 1, strong nose
a: Heroism, Finesse, Renounce Religion, Evoke Flight


You were on level 4 of the Snake Pit.
You worshipped Okawaru.
Okawaru was extremely pleased with you.
You were not hungry.

You visited 4 branches of the dungeon, and saw 26 of its levels.
You also visited: Sewer, Ice Cave and Volcano.

You collected 2237 gold pieces.
You spent 1086 gold pieces at shops.

Inventory:

Hand Weapons
 i - the +9 morningstar of the Spider Nest {freeze, MR- Str+4 Dex+5}
   (You found it on level 2 of the Snake Pit)

   It has been specially enchanted to freeze those struck by it, causing extra
   injury to most foes and up to half again as much damage against particularly
   susceptible opponents.
   It can also slow down cold-blooded creatures.
   It affects your strength (+4).
   It affects your dexterity (+5).
   It affects your resistance to hostile enchantments.
 m - a +2 broad axe of flaming
 x - a +4 trident of protection (weapon)
Armour
 d - the +0 pair of gloves "Rixuwih" {rC+ rN++}
   (Okawaru gifted it to you on level 2 of the Snake Pit)

   It protects you from cold.
   It greatly protects you from negative energy.
 u - a +2 crystal plate armour
 w - a +2 cloak (worn)
 E - a +2 hat of magic resistance (worn)
 F - the +0 plate armour "Acuywkig" (worn) {*Contam Regen+ Dex+5 Stlth+}
   (You found it on level 8 of the Dungeon)

   It affects your dexterity (+5).
   It causes magical contamination when unequipped.
   It increases your rate of regeneration.
   It makes you more stealthy.
 J - a +2 pair of gloves of archery
 M - a +1 shield of reflection (worn)
 S - a scarf of cloud immunity
 V - a scarf of repulsion
 Y - a +1 pair of boots of flying (worn)
 Z - the +0 pair of gloves of Death's Door (worn) {MR+ Str+4}
   (You found it in an ice cave)

   It affects your strength (+4).
   It affects your resistance to hostile enchantments.
Jewellery
 b - a +3 ring of protection
 h - an uncursed ring of resist corrosion
 j - an uncursed ring of protection from cold
 r - an uncursed ring of protection from magic
 C - a +3 ring of evasion (right hand)
 D - the ring "Oby Diqaz" (left hand) {rElec rF- Dex+9 Stlth+}
   (You found it on level 2 of the Lair of Beasts)

   [ring of stealth]

   It affects your dexterity (+9).
   It makes you vulnerable to fire.
   It insulates you from electricity.
   It makes you more stealthy.
 P - an uncursed ring of see invisible
 U - an amulet of regeneration (around neck)
Wands
 a - a wand of acid (21)
 v - a wand of random effects (129)
 z - a wand of digging (25)
 B - a wand of enslavement (47)
 Q - a wand of paralysis (17)
 X - a wand of polymorph (19)
Scrolls
 c - 5 scrolls of enchant weapon
 g - 5 scrolls of amnesia
 k - 2 scrolls of teleportation
 n - 5 scrolls of magic mapping
 p - 8 scrolls of remove curse
 t - 3 scrolls of immolation
Potions
 l - 7 potions of brilliance
 q - a potion of resistance
 s - a potion of agility
 A - 3 potions of magic
 R - 2 potions of ambrosia
 T - a potion of haste
Books
 e - a manual of Fighting
 I - a manual of Fire Magic
Miscellaneous
 H - a lightning rod (4/4)
 K - a lamp of fire (inert)
 W - a fan of gales
Comestibles
 f - 26 rations


   Skills:
 + Level 16.2 Fighting
 + Level 11.8 Short Blades
 + Level 11.8 Long Blades
 + Level 12.5 Axes
 + Level 11.8 Maces & Flails
 + Level 11.8 Polearms
 + Level 11.8 Staves
 + Level 11.8 Slings
 + Level 11.8 Bows
 + Level 11.8 Crossbows
 + Level 11.8 Throwing
 + Level 13.2 Armour
 + Level 11.8 Dodging
 + Level 11.8 Stealth
 + Level 13.2 Shields
 + Level 11.8 Unarmed Combat
 + Level 11.8 Spellcasting
 + Level 10.1 Conjurations
 + Level 10.1 Hexes
 + Level 10.1 Charms
 + Level 10.1 Summonings
 + Level 10.1 Necromancy
 + Level 10.1 Translocations
 + Level 10.1 Transmutations
 + Level 11.1 Fire Magic
 + Level 10.1 Ice Magic
 + Level 10.1 Air Magic
 + Level 10.1 Earth Magic
 + Level 10.1 Poison Magic
 + Level 12.7 Invocations
 + Level 11.8 Evocations


You had 29 spell levels left.
You knew the following spells:

 Your Spells              Type           Power        Failure   Level  Hunger
a - Blink                 Tloc           N/A          1%          2    None
b - Regeneration          Chrm/Necr      ###.......   3%          3    ##.....
c - Dazzling Spray        Conj/Hex       ###...       3%          3    ##.....
d - Vampiric Draining     Necr           ###.......   3%          3    ##.....

Your spell library contained the following spells:

 Spells                   Type           Power        Failure   Level  Hunger
 Animate Skeleton         Necr           N/A          1%          1    None
 Apportation              Tloc           ###...       1%          1    None
 Confusing Touch          Hex            ###...       1%          1    None
 Flame Tongue             Conj/Fire      ###..        1%          1    None
 Magic Dart               Conj           ###.         1%          1    None
 Pain                     Necr           ###.         1%          1    None
 Summon Small Mammal      Summ           ###.         1%          1    None
 Call Imp                 Summ           ###.....     1%          2    None
 Searing Ray              Conj           ###...       1%          2    None
 Slow                     Hex            ###.....     1%          2    None
 Throw Flame              Conj/Fire      ###...       1%          2    None
 Conjure Flame            Conj/Fire      ###.....     2%          3    ##.....
 Inner Flame              Hex/Fire       ###.....     2%          3    ##.....
 Call Canine Familiar     Summ           ###.....     3%          3    ##.....
 Mephitic Cloud           Conj/Pois/Air  ###.....     3%          3    ##.....
 Summon Guardian Golem    Hex/Summ       ###.....     3%          3    ##.....
 Sticky Flame             Conj/Fire      ###.....     9%          4    ####...
 Animate Dead             Necr           N/A          12%         4    ####...
 Force Lance              Conj/Tloc      ###.....     12%         4    ####...
 Fulminant Prism          Conj/Hex       ###.......   12%         4    ####...
 Ice Form                 Ice/Tmut       ###.....     12%         4    ####...
 Iskenderun's Mystic Bla  Conj           ###.....     12%         4    ####...
 Leda's Liquefaction      Hex/Erth       ###.......   12%         4    ####...
 Summon Ice Beast         Ice/Summ       ###.....     12%         4    ####...
 Summon Lightning Spire   Summ/Air       ###.....     12%         4    ####...
 Fireball                 Conj/Fire      ###.......   26%         5    #####..
 Bolt of Magma            Conj/Fire/Erth ###.......   28%         5    #####..
 Metabolic Englaciation   Hex/Ice        ###.......   32%         5    #####..
 Bolt of Cold             Conj/Ice       ###.......   89%         6    #######
 Freezing Cloud           Conj/Ice/Air   ###.......   89%         6    #######
 Iron Shot                Conj/Erth      ###.......   89%         6    #######
 Ozocubu's Refrigeration  Ice            ###.......   89%         6    #######
 Simulacrum               Ice/Necr       ###.......   89%         6    #######
 Statue Form              Tmut/Erth      ###......    89%         6    #######
 Shatter                  Erth           ###.......   100%        9    #######


Dungeon Overview and Level Annotations

Branches:
Dungeon (15/15)            Temple (1/1) D:5            Lair (6/6) D:8
  Swamp (0/4) Lair:3        Snake (4/4) Lair:3        Slime (0/5) Lair:6
    Orc (0/2) D:10         Vaults (0/5) D:14         Depths (0/5) D:15

Altars:
Ashenzari
Cheibriados
Dithmenos
Elyvilon
Fedhas
Gozag
Hepliaklqana
Kikubaaqudgha
Makhleb
Nemelex Xobeh
Okawaru
Qazlal
Ru
Sif Muna
Trog
Uskayaw
Vehumet
Wu Jian
Xom
Yredelemnul
Zin
The Shining One
Jiyva

Shops:
D:5 *   D:9 }   D:15 *   Snake:2 (   Snake:3 [

Portals:
Trove: D:10 (give 8 potions of haste)


Innate Abilities, Weirdness & Mutations

Your experience applies equally to all skills.
You have very sharp teeth.
Your uncanny sense of smell can sniff out nearby items.
You are surrounded by a mild repulsion field. (EV +2)
Your body sometimes deteriorates upon taking damage.
Potions are less effective at restoring your health.
Your spells are a little easier to cast, but a little less powerful.


Message History

You feel less confused.
* * * LOW HITPOINT WARNING * * *
You feel very sick.
* * * LOW HITPOINT WARNING * * *
You feel very sick.
The naga warrior hits you but does no damage.
The naga warrior closely misses you. You block the naga warrior's attack.
The naga sharpshooter mumbles some strange words.
The naga sharpshooter magically shoots an arrow.
The arrow hits you but does no damage.
You see here an arrow.
As you read the scroll of teleportation, it crumbles to dust.
You feel strangely unstable.
* * * LOW HITPOINT WARNING * * *
You feel very sick. The naga warrior spits poison at you.
The splash of poison hits you!
You are more poisoned.
You block the naga warrior's attack.
You die...

##.........).(# ##.....
##...........# #.....
##..........# ##.....
#.........(.####..NN..
#............##..§§...
##..########...........
#...#.#....#......÷...)
###...#......#..N(..(...N
##.....#.@....#........N..
#......#.(....##.......N..
###....#..N<...#..........
##...#(..N####).........
##...#'###NNNNN(N......#
####........NNN..........##
#.#..........NN#....######
##....####.........##
#.#### ##.......##


You could see 3 naga warriors, 2 naga sharpshooters and a naga.

Vanquished Creatures
  2 acid blobs (Lair:6)
  7 nagarajas
  A ghost moth (Lair:2)
  Louise (Snake:2)
  A frost giant (Snake:3)
  A stone giant (Snake:3)
  2 dire elephants (Lair:6)
  A spark wasp (Lair:2)
  2 blizzard demons (IceCv)
  2 fire dragons
  A merfolk impaler (Snake:3)
  Josephine (Lair:4)
  The ghost of MordorOrchid the Brawler, a journeyman TrWn of Qazlal (D:10)
  4 hydras
  9 naga warriors
  A catoblepas (Lair:6)
  9 anacondas
  3 ogre magi
  Erica (D:9)
  13 two-headed ogres
  4 centaur warriors
  A vampire mage (D:14)
  3 tengu warriors
  The ghost of feelmyfire the Grappler, a journeyman VSTm of Qazlal (D:11)
  10 naga sharpshooters
  5 shock serpents
  Sonja (Lair:6)
  A hell knight (Volcano)
  Nergalle (D:12)
  A salamander mystic (Snake:4)
  2 skeletal warriors (D:14)
  2 unseen horrors (D:15)
  A swamp dragon (Lair:6)
  5 naga ritualists
  A sea snake (Snake:1)
  A lindwurm (Lair:6)
  A necromancer (D:15)
  Pikel (D:6)
  2 wizards (D:14)
  An orc knight (D:14)
  16 mana vipers
  A fire giant zombie (D:15)
  2 oklob plants (Lair:3)
  3 manticores
  6 cyclopes
  11 ugly things
  A frost giant skeleton (D:15)
  6 salamanders
  2 ice statues
  5 guardian serpents
  12 naga magi
  2 molten gargoyles (Volcano)
  2 gargoyles
  16 spiny frogs
  35 black mambas
  A kobold demonologist (D:14)
  4 rime drakes
  2 freezing wraiths (IceCv)
  6 komodo dragons
  5 anaconda simulacra (IceCv)
  2 merfolk (Snake:3)
  A golden dragon simulacrum (IceCv)
  12 polar bears
  4 trolls
  7 ice devils (IceCv)
  2 tyrant leeches (Lair:3)
  3 hornets
  5 hippogriffs
  A slime creature (Lair:6)
  2 raiju (Lair:6)
  12 blink frogs
  Sigmund (D:5)
  2 shadows
  4 centaur simulacra
  A deep troll skeleton (D:15)
  A dire elephant simulacrum (Lair:1)
  7 wraiths
  A spriggan skeleton (D:15)
  5 wyverns
  33 yaks
  5 fire bats (Volcano)
  2 hungry ghosts
  6 basilisks
  A vampire (D:10)
  4 steam dragons
  A neqoxec (D:10)
  Menkaure (D:6)
  6 wargs (Lair:6)
  49 nagas
  A soldier ant (D:14)
  3 harpy simulacra (IceCv)
  5 iron troll simulacra (IceCv)
  2 acid dragons (Lair:6)
  10 water moccasins
  13 hell hounds (Lair:6)
  A swamp worm (Lair:3)
  4 porcupines
  4 hydra simulacra
  Duvessa (D:5)
  13 orc warriors
  A meliai simulacrum (D:14)
  6 ice beasts
  4 sky beasts
  3 slaves (D:6)
  2 ettin simulacra (IceCv)
  2 swamp drakes (Lair:6)
  An alligator simulacrum (IceCv)
  13 ogres
  13 black bears
  3 phantoms
  13 wolves (Lair:6)
  A necrophage (D:10)
  10 crocodiles
  11 centaurs
  5 big kobolds
  19 bullfrogs
  Dowan (D:5)
  2 spiny frog simulacra (Lair:1)
  A water moccasin zombie (D:6)
  5 scorpions
  16 killer bees
  An elephant simulacrum (IceCv)
  4 wights (D:10)
  A howler monkey (D:8)
  2 vampire bats (D:5)
  3 electric eels
  7 lava snakes (Volcano)
  5 centaur zombies
  8 crimson imps
  2 quasits (D:10)
  2 bullfrog zombies
  7 draconian simulacra (IceCv)
  A water moccasin simulacrum (Lair:1)
  3 hounds
  3 bullfrog skeletons
  3 centaur skeletons
  7 orc priests
  7 jellies
  18 orc wizards
  4 iguanas
  Natasha (thrice) (D:3)
  4 hell rats (Lair:6)
  12 worker ants
  3 troll simulacra (IceCv)
  A wolf simulacrum (IceCv)
  A killer bee zombie (D:6)
  2 hound zombies
  A porcupine simulacrum (Lair:1)
  A worker ant zombie (D:8)
  4 gnolls (D:4)
  23 adders
  3 naga simulacra (IceCv)
  An ogre simulacrum (IceCv)
  6 shadow imps
  2 white imps (IceCv)
  7 ufetubi (IceCv)
  4 oozes
  2 adder zombies
  6 worms
  A dart slug (D:1)
  14 leopard geckos
  76 orcs
  3 ball pythons (Sewer)
  15 giant cockroaches
  6 goblins
  7 hobgoblins
  13 jackals
  9 quokkas
  12 bats
  11 frilled lizards
  A jackal skeleton (D:6)
  11 kobolds
  A leopard gecko skeleton (D:4)
  10 rats
  2 rat zombies (D:7)
  A fungus (Lair:6)
  2 plants
985 creatures vanquished.

Vanquished Creatures (collateral kills)
  Vashnia (Snake:2)
  A nagaraja (Snake:4)
  4 naga warriors (Snake:4)
  A naga sharpshooter (Snake:4)
  A mana viper (Snake:4)
  2 black mambas (Snake:4)
  A polar bear (Lair:2)
  3 blink frogs (Lair:2)
  5 nagas (Snake:4)
19 creatures vanquished.

Vanquished Creatures (others)
  Asterion (Snake:4)
  An ice dragon (Snake:2)
  A two-headed ogre (D:11)
  4 naga sharpshooters
  A mana viper (Snake:4)
  A manticore (D:14)
  A black mamba (Snake:4)
  A polar bear (Lair:6)
  A water moccasin (Lair:2)
  A slave (D:6)
  5 centaurs (D:14)
  A crimson imp (D:12)
  An iguana (Lair:6)
  2 adders
  A bush (Lair:6)
  20 fungi (Lair:6)
  27 plants
70 creatures vanquished.

Grand Total: 1074 creatures vanquished

Notes
Turn   | Place    | Note
-------+----------+-------------------------------------------
     0 | D:1      | Lew the Gnoll Fighter began the quest for the Orb.
     0 | D:1      | Reached XP level 1. HP: 23/23 MP: 1/1
   130 | D:1      | Reached XP level 2. HP: 29/29 MP: 2/2
   573 | D:1      | Reached XP level 3. HP: 34/35 MP: 3/3
   726 | D:2      | Reached skill level 1 in Invocations
   849 | D:2      | Reached skill level 1 in Short Blades
   849 | D:2      | Reached skill level 1 in Long Blades
   849 | D:2      | Reached skill level 1 in Maces & Flails
   849 | D:2      | Reached skill level 1 in Polearms
   849 | D:2      | Reached skill level 1 in Staves
   849 | D:2      | Reached skill level 1 in Slings
   849 | D:2      | Reached skill level 1 in Bows
   849 | D:2      | Reached skill level 1 in Crossbows
   849 | D:2      | Reached skill level 1 in Throwing
   849 | D:2      | Reached skill level 1 in Dodging
   849 | D:2      | Reached skill level 1 in Stealth
   849 | D:2      | Reached skill level 1 in Unarmed Combat
   849 | D:2      | Reached skill level 1 in Spellcasting
   849 | D:2      | Reached skill level 1 in Evocations
  1197 | D:3      | Reached XP level 4. HP: 41/41 MP: 5/5
  1212 | D:3      | Reached skill level 7 in Fighting
  1212 | D:3      | Reached XP level 5. HP: 49/49 MP: 5/11
  1213 | D:3      | Reached skill level 8 in Fighting
  1213 | D:3      | Reached skill level 5 in Short Blades
  1213 | D:3      | Reached skill level 5 in Long Blades
  1213 | D:3      | Reached skill level 5 in Maces & Flails
  1213 | D:3      | Reached skill level 5 in Polearms
  1213 | D:3      | Reached skill level 5 in Staves
  1213 | D:3      | Reached skill level 5 in Slings
  1213 | D:3      | Reached skill level 5 in Bows
  1213 | D:3      | Reached skill level 5 in Crossbows
  1213 | D:3      | Reached skill level 5 in Throwing
  1213 | D:3      | Reached skill level 5 in Dodging
  1213 | D:3      | Reached skill level 5 in Stealth
  1213 | D:3      | Reached skill level 5 in Unarmed Combat
  1213 | D:3      | Reached skill level 5 in Spellcasting
  1213 | D:3      | Reached skill level 5 in Invocations
  1213 | D:3      | Reached skill level 5 in Evocations
  1213 | D:3      | Reached XP level 6. HP: 57/57 MP: 5/13
  1291 | D:3      | Found a glowing drain.
  1306 | Sewer    | Entered a sewer
  1628 | D:3      | Reached XP level 7. HP: 63/63 MP: 14/14
  1668 | D:3      | Noticed Natasha
  1678 | D:3      | Killed Natasha
  1858 | D:3      | Noticed Natasha
  1862 | D:3      | Killed Natasha
  1953 | D:3      | Found a hide-covered altar of Uskayaw.
  1973 | D:3      | Noticed Natasha
  1979 | D:3      | Killed Natasha
  2679 | D:4      | Found a sparkling altar of Nemelex Xobeh.
  2679 | D:4      | Found a blossoming altar of Fedhas.
  2695 | D:5      | Entered Level 5 of the Dungeon
  2731 | D:5      | Reached XP level 8. HP: 69/69 MP: 16/16
  2982 | D:5      | Noticed Duvessa
  2982 | D:5      | Noticed Dowan
  2991 | D:5      | Killed Duvessa
  2992 | D:5      | Killed Dowan
  3142 | D:5      | Found a bloodstained altar of Trog.
  3221 | D:5      | Noticed Sigmund
  3250 | D:5      | Killed Sigmund
  3291 | D:5      | Found a staircase to the Ecumenical Temple.
  3321 | D:5      | Found Uceweodoe's General Store.
  3332 | D:5      | Bought a scroll of blinking for 90 gold pieces
  3332 | D:5      | Bought a potion of berserk rage for 60 gold pieces
  3332 | D:5      | Bought a potion of ambrosia for 96 gold pieces
  3791 | Temple   | Entered the Ecumenical Temple
  4015 | Temple   | Became a worshipper of Warmaster Okawaru
  4058 | D:6      | Reached skill level 9 in Fighting
  4058 | D:6      | Reached XP level 9. HP: 76/76 MP: 17/17
  4176 | D:6      | Noticed Pikel
  4200 | D:6      | Killed Pikel
  4200 | D:6      | Reached * piety under Okawaru
  4326 | D:6      | Noticed Menkaure
  4339 | D:6      | Killed Menkaure
  4339 | D:6      | Reached ** piety under Okawaru
  4931 | D:6      | Found a sacrificial altar of Ru.
  5314 | D:7      | Found an ancient bone altar of Kikubaaqudgha.
  5352 | D:7      | Found a stormy altar of Qazlal.
  5488 | D:7      | Found a shattered altar of Ashenzari.
  5614 | D:8      | Got an encrusted halberd
  5615 | D:8      | Identified the +2 halberd "Revuthrau" {freeze, rPois Str+5 Stlth+} (You found it on level 8 of the Dungeon)
  5700 | D:8      | Noticed a two-headed ogre
  5886 | D:8      | Killed a two-headed ogre
  5886 | D:8      | Reached skill level 5 in Conjurations
  5886 | D:8      | Reached skill level 5 in Hexes
  5886 | D:8      | Reached skill level 5 in Charms
  5886 | D:8      | Reached skill level 5 in Summonings
  5886 | D:8      | Reached skill level 5 in Necromancy
  5886 | D:8      | Reached skill level 5 in Translocations
  5886 | D:8      | Reached skill level 5 in Transmutations
  5886 | D:8      | Reached skill level 5 in Fire Magic
  5886 | D:8      | Reached skill level 5 in Ice Magic
  5886 | D:8      | Reached skill level 5 in Air Magic
  5886 | D:8      | Reached skill level 5 in Earth Magic
  5886 | D:8      | Reached skill level 5 in Poison Magic
  5886 | D:8      | Reached XP level 10. HP: 77/83 MP: 17/19
  5967 | D:8      | Reached *** piety under Okawaru
  6347 | D:8      | Found a staircase to the Lair.
  6489 | D:8      | Noticed a two-headed ogre
  6506 | D:8      | Killed a two-headed ogre
  6707 | D:8      | Found a shadowy altar of Dithmenos.
  6841 | D:8      | Found an opulent altar of Gozag.
  6942 | D:8      | Found an ornate altar of the Wu Jian Council.
  6969 | D:8      | Got a steaming plate armour
  6970 | D:8      | Identified the +0 plate armour "Acuywkig" {*Contam Regen+ Dex+5 Stlth+} (You found it on level 8 of the Dungeon)
  7193 | D:9      | Noticed Erica
  7221 | D:9      | Killed Erica
  7221 | D:9      | Reached **** piety under Okawaru
  7365 | D:9      | Reached XP level 11. HP: 82/90 MP: 20/20
  7368 | D:9      | Found Bus Ruos's Gadget Shoppe.
  7378 | D:9      | Got an ancient leather armour
  7389 | D:9      | Identified the +3 leather armour "Taybiaf" {rElec rC+ Str-4 SInv} (You found it on level 9 of the Dungeon)
  7444 | D:9      | Noticed a two-headed ogre
  7455 | D:9      | Killed a two-headed ogre
  7455 | D:9      | Reached skill level 10 in Fighting
  7533 | D:9      | Found a glowing golden altar of the Shining One.
  7839 | D:9      | Paralysed by a hornet for 2 turns
  7851 | D:9      | Paralysed by a hornet for 1 turns
  8056 | D:10     | Entered Level 10 of the Dungeon
  8093 | D:10     | Reached ***** piety under Okawaru
  8153 | D:10     | Found a portal to a secret trove of treasure.
  8407 | D:10     | Found a staircase to the Orcish Mines.
  8560 | D:10     | Received a gift from Okawaru
  8795 | D:10     | Found a transporter.
  8874 | D:10     | Found a transporter.
  8877 | D:10     | Noticed MordorOrchid's ghost (journeyman TrWn)
  9402 | D:10     | Killed MordorOrchid's ghost
  9744 | D:11     | Noticed a cyclops
  9752 | D:11     | Noticed a two-headed ogre
  9757 | D:11     | Killed a cyclops
  9879 | D:11     | Noticed a cyan ugly thing
  9883 | D:11     | Noticed a green ugly thing
  9901 | D:11     | Killed a green ugly thing
  9903 | D:11     | Killed a green ugly thing
  9903 | D:11     | Reached XP level 12. HP: 99/99 MP: 22/22
  9953 | D:11     | Received a gift from Okawaru
 10099 | D:11     | Reached skill level 11 in Fighting
 10223 | D:11     | Found a transporter.
 10225 | D:11     | Found a transporter.
 10241 | D:11     | Noticed feelmyfire's ghost (journeyman VSTm)
 10419 | D:11     | Reached skill level 10 in Armour
 10419 | D:11     | Reached skill level 10 in Shields
 10666 | D:11     | Received a gift from Okawaru
 10670 | D:11     | Killed feelmyfire's ghost
 10858 | D:12     | Noticed a four-headed hydra
 10874 | D:12     | Killed a 14-headed hydra
 10983 | D:12     | Reached ****** piety under Okawaru
 11571 | D:12     | Noticed Nergalle
 11617 | D:12     | Killed Nergalle
 12063 | D:13     | Noticed a tengu warrior
 12076 | D:13     | Killed a tengu warrior
 12149 | D:13     | Noticed an ogre mage
 12149 | D:13     | Noticed a two-headed ogre
 12151 | D:13     | Noticed a two-headed ogre
 12153 | D:13     | Noticed a two-headed ogre
 12156 | D:13     | Reached XP level 13. HP: 107/107 MP: 25/25
 12219 | D:13     | Received a gift from Okawaru
 12274 | D:13     | Reached skill level 12 in Fighting
 12409 | D:13     | Got a brightly glowing leather armour
 12410 | D:13     | Identified the +1 leather armour of the Dice {rC+ Slay+2} (You found it on level 13 of the Dungeon)
 12450 | D:13     | Received a gift from Okawaru
 12453 | D:13     | Got a dazzling quarterstaff {god gift}
 12459 | D:13     | Identified the +8 quarterstaff of the Puffball {pain, *Slow +Blink rElec Dex+6} (Okawaru gifted it to you on level 13 of the Dungeon)
 12807 | D:13     | Gained mutation: You are clumsy. (Dex -2) [mutagenic glow]
 12831 | D:13     | Gained mutation: You occasionally shout uncontrollably at your foes. [mutagenic glow]
 12854 | D:13     | Gained mutation: You sometimes yell uncontrollably at your foes. [mutagenic glow]
 13458 | D:14     | Noticed a fire dragon
 13484 | D:14     | Killed a fire dragon
 13484 | D:14     | Received a gift from Okawaru
 13670 | D:14     | Received a gift from Okawaru
 13729 | D:14     | Reached skill level 10 in Axes
 13965 | D:14     | Reached XP level 14. HP: 116/116 MP: 26/26
 14112 | D:14     | Found a gate to the Vaults.
 14255 | D:15     | Entered Level 15 of the Dungeon
 14278 | D:15     | Got a shimmering ring mail
 14420 | D:15     | Found a staircase to the Depths.
 15636 | D:14     | HP: 5/116 [freezing wraith[a vampire mage] (7)]
 16203 | D:15     | Reached skill level 13 in Fighting
 16236 | D:15     | Reached skill level 10 in Invocations
 16421 | D:15     | Found Nidirhas's Assorted Antiques.
 16426 | D:15     | Bought an inky potion for 18 gold pieces
 16426 | D:15     | Bought a scroll of identify for 42 gold pieces
 16426 | D:15     | Bought 3 scrolls labeled POOMYOC HERUOR for 63 gold pieces
 16427 | D:15     | Lost mutation: You are clumsy. (Dex -2) [potion of mutation]
 16427 | D:15     | Lost mutation: You sometimes yell uncontrollably at your foes. [potion of mutation]
 16427 | D:15     | Lost mutation: You occasionally shout uncontrollably at your foes. [potion of mutation]
 16427 | D:15     | Gained mutation: Your skin changes colour to match your surroundings (Stealth+). [potion of mutation]
 16427 | D:15     | Gained mutation: You have a pair of small horns on your head. [potion of mutation]
 16857 | Lair:1   | Entered Level 1 of the Lair of Beasts
 16957 | Lair:1   | Found a transporter.
 17188 | Lair:1   | Found a transporter.
 17703 | Lair:2   | Found a dark tunnel.
 17711 | Lair:2   | Learned a level 3 spell: Mephitic Cloud
 17712 | Volcano  | Entered a volcano
 17800 | Volcano  | Received a gift from Okawaru
 17905 | Volcano  | Found a radiant altar of Vehumet.
 18111 | Volcano  | Gained mutation: You are clumsy. (Dex -2) [mutagenic glow]
 18161 | Volcano  | Identified the +1 ring mail of Context {+Blink rN+ Int-3} (You found it on level 15 of the Dungeon)
 19033 | Lair:2   | Noticed a ghost moth
 19680 | Lair:2   | Killed a ghost moth
 19680 | Lair:2   | Received a gift from Okawaru
 19683 | Lair:2   | Got a fine buckler {god gift}
 19694 | Lair:2   | Identified the +1 buckler of the Republic {rC+ Int+6 Dex+2} (Okawaru gifted it to you on level 2 of the Lair of Beasts)
 19786 | Lair:3   | Reached XP level 15. HP: 106/124 MP: 21/28
 20234 | Lair:3   | Found a staircase to the Snake Pit.
 20348 | Lair:3   | Found a staircase to the Swamp.
 21460 | Lair:4   | Noticed Sonja
 21826 | Lair:4   | Noticed Josephine
 22016 | Lair:4   | Killed Josephine
 22882 | Lair:5   | Reached skill level 10 in Short Blades
 22882 | Lair:5   | Reached skill level 10 in Long Blades
 22882 | Lair:5   | Reached skill level 10 in Maces & Flails
 22882 | Lair:5   | Reached skill level 10 in Polearms
 22882 | Lair:5   | Reached skill level 10 in Staves
 22882 | Lair:5   | Reached skill level 10 in Slings
 22882 | Lair:5   | Reached skill level 10 in Bows
 22882 | Lair:5   | Reached skill level 10 in Crossbows
 22882 | Lair:5   | Reached skill level 10 in Throwing
 22882 | Lair:5   | Reached skill level 10 in Dodging
 22882 | Lair:5   | Reached skill level 10 in Stealth
 22882 | Lair:5   | Reached skill level 10 in Unarmed Combat
 22882 | Lair:5   | Reached skill level 10 in Spellcasting
 22882 | Lair:5   | Reached skill level 10 in Evocations
 23277 | Lair:6   | Entered Level 6 of the Lair of Beasts
 23358 | Lair:6   | Received a gift from Okawaru
 23448 | Lair:6   | Reached skill level 14 in Fighting
 23609 | Lair:6   | Killed Sonja
 24433 | Lair:6   | Found a runed door.
 24434 | Lair:6   | Found a viscous altar of Jiyva.
 24434 | Lair:6   | Noticed an acid blob
 24434 | Lair:6   | Noticed an acid blob
 24437 | Lair:6   | Found a staircase to the Slime Pits.
 25120 | Lair:6   | Got an ichor-stained hat
 25121 | Lair:6   | Identified the +0 hat of Moral Flaws {rF+ Int+6} (You found it on level 6 of the Lair of Beasts)
 25660 | Lair:6   | Killed an acid blob
 25660 | Lair:6   | Reached XP level 16. HP: 106/134 MP: 30/30
 25674 | Lair:6   | Killed an acid blob
 25891 | Lair:6   | Received a gift from Okawaru
 26054 | Lair:3   | Learned a level 2 spell: Blink
 26058 | Lair:3   | Learned a level 3 spell: Regeneration
 26062 | Lair:3   | Learned a level 3 spell: Dazzling Spray
 26066 | Lair:3   | Learned a level 3 spell: Vampiric Draining
 26149 | Lair:2   | Got a flickering bone ring
 26163 | Lair:2   | Identified the ring "Oby Diqaz" {rElec rF- Dex+9 Stlth+} (You found it on level 2 of the Lair of Beasts)
 26279 | Snake:1  | Entered Level 1 of the Snake Pit
 27305 | Snake:2  | Got a dazzling morningstar
 27326 | Snake:2  | Found Ceex's Antique Weapon Boutique.
 27334 | Snake:2  | Bought a dazzling scythe for 224 gold pieces
 27343 | Snake:2  | Identified the +10 scythe of Ravage {flame, +Blink Int+3} (You bought it in a shop on level 2 of the Snake Pit)
 27344 | Snake:2  | Identified the +9 morningstar of the Spider Nest {freeze, MR- Str+4 Dex+5} (You found it on level 2 of the Snake Pit)
 27385 | Snake:2  | Noticed Vashnia
 27445 | Snake:2  | Found a frozen archway.
 27482 | Snake:2  | Reached skill level 15 in Fighting
 27543 | IceCv    | Entered an ice cave
 27990 | IceCv    | Lost mutation: You have a pair of small horns on your head. [potion of mutation]
 27990 | IceCv    | Lost mutation: You are clumsy. (Dex -2) [potion of mutation]
 27990 | IceCv    | Lost mutation: Your skin changes colour to match your surroundings (Stealth+). [potion of mutation]
 27990 | IceCv    | Gained mutation: Your body sometimes deteriorates upon taking damage. [potion of mutation]
 27990 | IceCv    | Gained mutation: You are surrounded by a mild repulsion field. (EV +2) [potion of mutation]
 28517 | IceCv    | Received a gift from Okawaru
 28572 | IceCv    | Got a pair of ancient gloves
 28576 | IceCv    | Identified the +0 pair of gloves of Death's Door {MR+ Str+4} (You found it in an ice cave)
 28841 | Snake:2  | HP: 1/136 [Vashnia/bolt (19)]
 28848 | Snake:2  | Killed Vashnia
 28848 | Snake:2  | Received a gift from Okawaru
 28848 | Snake:2  | Reached skill level 10 in Fire Magic
 29022 | Snake:2  | Noticed a nagaraja
 29036 | Snake:2  | Killed a nagaraja
 29036 | Snake:2  | Received a gift from Okawaru
 29036 | Snake:2  | Reached XP level 17. HP: 142/142 MP: 32/32
 29039 | Snake:2  | Got a pair of ancient gloves {god gift}
 29050 | Snake:2  | Identified the +0 pair of gloves "Rixuwih" {rC+ rN++} (Okawaru gifted it to you on level 2 of the Snake Pit)
 29828 | Snake:2  | Noticed Louise
 29849 | Snake:2  | Killed Louise
 30730 | Snake:3  | Found Yserink's Antique Armour Emporium.
 30802 | Snake:3  | Bought an embroidered hat for 238 gold pieces
 30802 | Snake:3  | Bought a glowing cloak for 255 gold pieces
 31090 | Snake:4  | Entered Level 4 of the Snake Pit
 31453 | Snake:4  | Noticed Asterion
 31465 | Snake:4  | Gained mutation: Your spells are a little easier to cast, but a little less powerful. [a cacodemon]
 31480 | Snake:4  | Gained mutation: Potions are less effective at restoring your health. [a cacodemon]
 31482 | Snake:4  | Killed Asterion
 31860 | Snake:4  | Received a gift from Okawaru
 32266 | Snake:4  | Reached skill level 16 in Fighting
 32269 | Snake:4  | Was placed under penance by Okawaru
 32295 | Snake:4  | Reached skill level 10 in Conjurations
 32295 | Snake:4  | Reached skill level 10 in Hexes
 32295 | Snake:4  | Reached skill level 10 in Charms
 32295 | Snake:4  | Reached skill level 10 in Summonings
 32295 | Snake:4  | Reached skill level 10 in Necromancy
 32295 | Snake:4  | Reached skill level 10 in Translocations
 32295 | Snake:4  | Reached skill level 10 in Transmutations
 32295 | Snake:4  | Reached skill level 10 in Ice Magic
 32295 | Snake:4  | Reached skill level 10 in Air Magic
 32295 | Snake:4  | Reached skill level 10 in Earth Magic
 32295 | Snake:4  | Reached skill level 10 in Poison Magic
 33039 | Snake:4  | Reached XP level 18. HP: 150/151 MP: 33/33
 33055 | Snake:4  | Was forgiven by Okawaru
 33090 | Snake:4  | HP: 1/151 [naga warrior/halberd of venom (24)]
 33095 | Snake:4  | HP: 5/151 [poisoned by a naga warrior]
 33096 | Snake:4  | HP: 2/151 [poisoned by a naga warrior]
 33097 | Snake:4  | Succumbed to a naga warrior's splash of poison

Skill      XL: |  1  2  3  4  5  6  7  8  9 10 11 12 13 14 15 16 17 |
---------------+----------------------------------------------------+-----
Invocations    | 1 4 5 6 7 8 9 10 11 12 | 12.7
Short Blades   | 1 4 5 6 7 8 9 10 11 | 11.8
Long Blades    | 1 4 5 6 7 8 9 10 11 | 11.8
Maces & Flails | 1 4 5 6 7 8 9 10 11 | 11.8
Polearms       | 1 4 5 6 7 8 9 10 11 | 11.8
Staves         | 1 4 5 6 7 8 9 10 11 | 11.8
Slings         | 1 4 5 6 7 8 9 10 11 | 11.8
Bows           | 1 4 5 6 7 8 9 10 11 | 11.8
Crossbows      | 1 4 5 6 7 8 9 10 11 | 11.8
Throwing       | 1 4 5 6 7 8 9 10 11 | 11.8
Dodging        | 1 4 5 6 7 8 9 10 11 | 11.8
Stealth        | 1 4 5 6 7 8 9 10 11 | 11.8
Unarmed Combat | 1 4 5 6 7 8 9 10 11 | 11.8
Spellcasting   | 1 4 5 6 7 8 9 10 11 | 11.8
Evocations     | 1 4 5 6 7 8 9 10 11 | 11.8
Fighting       | 7 8 9 10 11 12 13 14 15 16 | 16.2
Axes           | 6 7 8 9 10 11 12 | 12.5
Armour         | 7 8 9 10 11 12 13 | 13.2
Shields        | 7 8 9 10 11 12 13 | 13.2
Conjurations   | 3 4 5 6 7 8 9 10 | 10.1
Hexes          | 3 4 5 6 7 8 9 10 | 10.1
Charms         | 3 4 5 6 7 8 9 10 | 10.1
Summonings     | 3 4 5 6 7 8 9 10 | 10.1
Necromancy     | 3 4 5 6 7 8 9 10 | 10.1
Translocations | 3 4 5 6 7 8 9 10 | 10.1
Transmutations | 3 4 5 6 7 8 9 10 | 10.1
Fire Magic     | 3 4 5 6 7 8 10 11 | 11.1
Ice Magic      | 3 4 5 6 7 8 9 10 | 10.1
Air Magic      | 3 4 5 6 7 8 9 10 | 10.1
Earth Magic    | 3 4 5 6 7 8 9 10 | 10.1
Poison Magic   | 3 4 5 6 7 8 9 10 | 10.1

Action                   |  1- 3 |  4- 6 |  7- 9 | 10-12 | 13-15 | 16-18 || total
-------------------------+-------+-------+-------+-------+-------+-------++-------
Melee: War axe           |    85 |    89 |   395 |   902 |       |       ||  1471
       Bite              |     8 |     8 |    50 |   202 |   436 |   268 ||   972
       Trident           |       |       |       |    70 |  2464 |   937 ||  3471
       Headbutt          |       |       |       |       |   445 |   169 ||   614
       Morningstar       |       |       |       |       |       |   372 ||   372
Throw: Tomahawk          |       |       |       |     2 |       |       ||     2
 Cast: Regeneration      |       |       |       |       |       |    26 ||    26
       Vampiric Draining |       |       |       |       |       |     5 ||     5
       Blink             |       |       |       |       |       |     6 ||     6
Invok: Finesse           |       |       |       |       |     4 |       ||     4
       Heroism           |       |       |       |       |     3 |       ||     3
 Abil: Evoke Flight      |       |       |       |       |       |     5 ||     5
       Stop Flying       |       |       |       |       |       |     2 ||     2
Evoke: Wand              |       |       |     1 |     8 |    20 |    19 ||    48
       Lightning rod     |       |       |       |     8 |     4 |       ||    12
       Fan of gales      |       |       |       |       |     1 |       ||     1
       Lamp of fire      |       |       |       |       |       |     2 ||     2
  Use: Scroll            |       |    10 |     5 |     8 |    26 |    22 ||    71
       Potion            |       |     6 |     2 |     9 |    15 |    14 ||    46
 Stab: Sleeping          |       |       |    13 |     2 |     7 |    13 ||    35
       Distracted        |       |       |     1 |     2 |     4 |     5 ||    12
  Eat: Chunk             |       |     3 |     6 |     6 |     6 |     2 ||    23
       Ration            |       |       |     3 |     4 |    12 |     8 ||    27
Armor: Scale mail        |    28 |    16 |       |       |       |       ||    44
       Chain mail        |       |     1 |    73 |       |   685 |    16 ||   775
       Leather armour    |       |       |    30 |    27 |       |       ||    57
       Plate armour      |       |       |       |   384 |   485 |   339 ||  1208
Dodge: Dodged            |    23 |    34 |   164 |   350 |  1339 |   789 ||  2699
Block: Shield            |    55 |    77 |   288 |   753 |  1833 |  1080 ||  4086
       Reflection        |       |       |       |    10 |    54 |   102 ||   166
